 Dungeon Crawl Stone Soup version 0.28-a0-793-g31680bbd8b (webtiles) character file.

Game seed: 14491122458060337343

22 kae the Caller (level 2, 0/14 HPs)
             Began as a Vine Stalker Summoner on Nov 3, 2021.
             Slain by a hound (2 damage)
             ... on level 4 of the Dungeon.
             The game lasted 00:01:39 (2286 turns).

kae the Caller (Vine Stalker Summoner)              Turns: 2286, Time: 00:01:40

Health: 0/14       AC:  3    Str: 10    XL:     2   Next: 91%
Magic:  0/6        EV: 12    Int: 15    God:
Gold:   94         SH:  0    Dex: 14    Spells: 3/6 levels left

rFire   . . .      SeeInvis .   (no weapon)
rCold   . . .      Faith    .   (no shield)
rNeg    . . .      Spirit   +   a - +0 robe
rPois   .          Reflect  .   d - +0 helmet
rElec   .          Harm     .   (no cloak)
rCorr   .          Rampage  .   (no gloves)
Will    .....                   (no boots)
Stlth   ++........              (no amulet)
HPRegen 0.04/turn               (no ring)
MPRegen 0.10/turn               (no ring)

@: no status effects
A: fangs 2, magic shield, antimagic bite, no potion heal 2
a: no special abilities


You were on level 4 of the Dungeon.
You visited 1 branch of the dungeon, and saw 3 of its levels.

You collected 94 gold pieces.

Inventory:

Armour
 a - a +0 robe (worn)
 d - a +0 helmet (worn)


   Skills:
 + Level 0.8 Fighting
 - Level 1.5 Dodging
 - Level 2.4 Stealth
 + Level 2.5 Spellcasting
 * Level 4.4 Summonings


You had 3 spell levels left.
You knew the following spells:

 Your Spells              Type           Power      Damage    Failure   Level
a - Summon Small Mammal   Summ           60%        N/A       3%          1
b - Call Imp              Summ           15%        N/A       4%          2

Your spell library contained the following spells:

 Spells                   Type           Power      Damage    Failure   Level
 Call Canine Familiar     Summ           15%        N/A       10%         3
 Shock                    Conj/Air       4%         1d3       22%         1
 Summon Guardian Golem    Hex/Summ       8%         N/A       26%         3
 Swiftness                Air            1%         N/A       54%         3
 Summon Lightning Spire   Summ/Air       8%         N/A       63%         4
 Airstrike                Air            0%         N/A       91%         4


Dungeon Overview and Level Annotations

Branches:
Dungeon (2/15)

Altars:
Sif Muna


Innate Abilities, Weirdness & Mutations

You have extremely sharp teeth.
When hurt, damage is shared between your health and your magic reserves.
Your bite disrupts and absorbs the magic of your enemies.
Potions cannot restore your health.


Message History

The hound bites you.
You closely miss the hound. Your bite misses the hound.
The hound is severely wounded.
Your bat barely misses the hound.
The hound bites you but does no damage. The hound barely misses you.
You hit the hound. Your bite misses the hound.
The hound is severely wounded.
Your bat barely misses the hound.
The hound closely misses you.
Casting: Summon Small Mammal (safe; 3% risk of failure)
Confirm with . or Enter, or press ? or * to list all spells.
Your bat hits the hound. The hound completely misses you. The hound bites you.
Your bat hits the hound but does no damage.
Your bat closely misses the hound.
Your bat misses the hound. The hound barely misses your bat.
Your bat completely misses the hound.
You hit the hound but do no damage.
The hound is severely wounded.
Your bat closely misses the hound.
Your bat barely misses the hound.
The hound bites you but does no damage.
Your bat hits the hound but does no damage.
The hound completely misses you.
You barely miss the hound.
The hound is severely wounded.
Your bat closely misses the hound.
Your bat misses the hound. The hound bites you.
* * * LOW HITPOINT WARNING * * *
You hit the hound but do no damage. Your bite misses the hound.
The hound is severely wounded.
Your bat disappears in a puff of smoke!
The hound bites you.
* * * LOW HITPOINT WARNING * * *
Your rat closely misses the hound.
The hound bites you.
You closely miss the hound. You bite the hound, but do no damage.
The hound is severely wounded.
The hound completely misses you.
Your rat bites the hound.
You hit the hound but do no damage.
The hound is almost dead.
The hound closely misses you.
Your rat bites the hound.
The hound barely misses you.
You swap places.
The hound bites you.
You die...

## .> #. #h #.
############## .#
#. #.............
.#
#.###@############
.# #...hr# .#
####### .# .# .#
.# .# ...


You could see a hound (ally target) and a friendly rat (summoned).

Vanquished Creatures
  A dart slug (D:2)
  An endoplasm (D:1)
  A giant cockroach (D:1)
  A goblin (D:1)
  A hobgoblin (D:1)
  A quokka (D:2)
  A ball python (D:2)
  3 bats
  2 frilled lizards
  A kobold (D:1)
  A rat (D:1)
14 creatures vanquished.

Vanquished Creatures (collateral kills)
  A ball python (D:1)
  A giant cockroach (D:1)
  A hobgoblin (D:1)
  A bat (D:1)
  A frilled lizard (D:1)
  A kobold (D:2)
6 creatures vanquished.

Grand Total: 20 creatures vanquished

Notes
Turn   | Place    | Note
-------+----------+-------------------------------------------
     0 | D:1      | kae the Vine Stalker Summoner began the quest for the Orb.
     0 | D:1      | Reached XP level 1. HP: 9/9 MP: 4/4
   925 | D:1      | Reached XP level 2. HP: 8/14 MP: 1/6
  1604 | D:1      | Noticed an ogre
  1605 | D:1      | Noticed an ogre
  1624 | D:1      | Noticed an ogre
  1628 | D:1      | Noticed an ogre
  1705 | D:2      | Found a shimmering blue altar of Sif Muna.
  2006 | D:2      | Learned a level 2 spell: Call Imp
  2129 | D:2      | You fall into a shaft and drop 2 floors!
  2286 | D:4      | Slain by a hound

Illustrated notes

Levels and vault maps discovered:
D:1:      erik_arrival_cave_to_civilisation [erik_arrival_cave_to_temple],
          layout_basic, minmay_misc_feat_columns
D:2:      layout_loops_ring, shapermc_ecumenical_altar_petra, basic_altar,
          serial_bayou, serial_bayou_pond_a, serial_bayou_shore_a,
          serial_bayou_ford_a, serial_bayou_pond_b
D:4:      layout_loops_ring, amcnicky_altar_gilded,
          amcnicky_altar_lugonu_corruption

Action                   || total
-------------------------++-------
Melee: Unarmed           ||    81
       Bite              ||    22
 Cast: Summon Small Mamm ||    25
  Use: Scroll            ||     3
       Potion            ||     1
 Stab: Sleeping          ||     1
Armor: Robe              ||    20
Dodge: Dodged            ||    82

Table legend: (Time is in decaauts)
 A = Elapsed time spent in this place.
 B = Non-inter-level travel time spent in this place.
 C = Inter-level travel time spent in this place.
 D = Time resting spent in this place.
 E = Time spent auto-exploring this place.
 F = Levels seen in this place.
 G = Mean time per level.
                   A        B        C        D        E       F      G
               +--------+--------+--------+--------+--------+-----+--------+
         Total |   2285 |   2241 |     44 |   1097 |    850 |   3 |  761.7 |
       Dungeon |   2285 |   2241 |     44 |   1097 |    850 |   3 |  761.7 |
               +--------+--------+--------+--------+--------+-----+--------+

Top non-repeatable levels by time:
     D:1: 1700 daAuts
     D:2: 428 daAuts
     D:4: 156 daAuts
